 Dungeon Crawl Stone Soup version 0.24.1-14-gf8d2b509d9 (webtiles) character file.

Game seed: 9719086048117754137, levelgen mode: deterministic

4108 Hugehornet the Cleaver (level 10, -6/56 HPs)
             Began as a Gargoyle Fighter on May 18, 2020.
             Was an Initiate of Gozag.
             Mangled by a chaos spawn (21 damage)
             ... on level 2 of the Abyss.
             The game lasted 00:14:08 (7791 turns).

Hugehornet the Cleaver (Gargoyle Fighter)           Turns: 7791, Time: 00:14:11

Health: -6/56      AC: 19    Str: 23      XL:     10   Next: 26%
Magic:  10/10      EV: 11    Int:  6 (9)  God:    Gozag
Gold:   883        SH:  9    Dex:  9      Spells: 9/9 levels left

rFire    . . .     SeeInvis .   M - +0 broad axe
rCold    . . .     Gourm    .   c - +0 shield
rNeg     + . .     Faith    .   K - +0 plate armour
rPois    ∞         Spirit   .   h - +1 helmet
rElec    +         Reflect  .   v - +0 cloak
rCorr    .         Harm     .   b - +0 pair of gloves
MR       +....                  F - +0 pair of boots
Stlth    ..........             B - amulet of rage
HPRegen  0.18/turn              y - ring of protection from magic
MPRegen  0.12/turn              u - +6 ring of evasion

@: no status effects
A: blurry vision 1, deformed body, negative energy resistance 1, electricity
resistance, unbreathing, petrification resistance, rot immunity, sturdy frame 1,
AC +7
a: Potion Petition, Call Merchant, Bribe Branch, Renounce Religion, Evoke
Berserk Rage


You were on level 2 of the Abyss.
You worshipped Gozag.
Gozag was pleased with you.
You were not hungry.

You visited 2 branches of the dungeon, and saw 9 of its levels.
You visited the Abyss 1 time.
You also visited: Ossuary.

You collected 952 gold pieces.
You paid 69 gold pieces to Gozag.

Inventory:

Hand Weapons
 s - a +1 flail of crushing
 w - a +0 morningstar
 M - a +0 broad axe (weapon)
Armour
 b - a +0 pair of gloves (worn)
 c - a +0 shield (worn)
 h - a +1 helmet (worn)
 v - a +0 cloak (worn)
 F - a +0 pair of boots (worn)
 K - a +0 plate armour (worn)
Jewellery
 n - an uncursed amulet of the gourmand
 p - an uncursed ring of protection from fire
 u - a +6 ring of evasion (right hand)
 y - a ring of protection from magic (left hand)
 B - an amulet of rage (around neck)
Wands
 x - a wand of flame (41)
 A - a wand of acid (6)
 D - a wand of paralysis (10)
Scrolls
 a - a scroll of identify
 g - a scroll of fog
 j - a scroll of amnesia
 k - 4 scrolls of remove curse
 l - 2 scrolls of enchant armour
 o - 2 scrolls of enchant weapon
 q - a scroll of teleportation {unknown}
 t - a scroll of fear {unknown}
 C - a scroll of magic mapping
 G - 2 scrolls of blinking
 I - a scroll of acquirement {unknown}
 L - a scroll of immolation {unknown}
Potions
 d - 2 potions of might
 e - 3 potions of lignification
 i - 5 potions of curing
 m - 5 potions of heal wounds
 r - a potion of resistance
 z - a potion of magic
 E - 2 potions of flight
 H - a potion of haste
 J - 2 potions of invisibility
Comestibles
 f - 17 rations


   Skills:
 - Level 3.2 Fighting
 + Level 13.0 Axes
 - Level 3.2 Armour
 - Level 3.2 Shields


You had 9 spell levels left.
You didn't know any spells.
Your spell library was empty.

Dungeon Overview and Level Annotations

Branches:
Dungeon (8/15)             Temple (1/1) D:5         Ossuary (visited)
   Lair: D:8-11

Altars:
Ashenzari
Cheibriados
Elyvilon
Fedhas
Gozag
Kikubaaqudgha
Nemelex Xobeh
Qazlal
Ru
Sif Muna
Uskayaw
Vehumet
Xom
Yredelemnul
The Shining One

Shops:
D:6 }

Annotations:
D:8 Psyche


Innate Abilities, Weirdness & Mutations

You are resistant to torment.
Your stone body is resilient. (AC +7)
You are immune to poison.
You resist negative energy. (rN+)
You are resistant to electric shocks. (rElec)
You can survive without breathing.
You are immune to petrification.
You are immune to rotting.
Scrolls take you a little longer to read.
Armour fits poorly on your strangely shaped body.
Your movements are slightly less encumbered by armour. (ER -2)


Message History

You closely miss the chaos spawn.
The chaos spawn is heavily wounded.
The chaos spawn closely misses you.
You hit the chaos spawn but do no damage.
The chaos spawn is heavily wounded.
The chaos spawn hits you but does no damage.
The chaos spawn hits you!
You slash the chaos spawn!
The chaos spawn is almost dead.
The chaos spawn hits you but does no damage.
You hit the chaos spawn but do no damage.
The chaos spawn is almost dead.
The chaos spawn gores you but does no damage.
You closely miss the chaos spawn.
The chaos spawn is almost dead.
The chaos spawn gores you.
* * * LOW HITPOINT WARNING * * *
Space warps horribly around you!!
You die...
Your body crumbles into a pile of gold.

. # # # ......
..§ .. .
.....#.#
#.......#.# #
#.. ... .#.#
... ..#.#.#
#.#.....#
...##.4#...#
#......@...#
....##...#.#
........$$.#
..#.####..#....
.. ....# .#...
... # .## ## .
#.# #.# ###


You could see a chaos spawn.

Vanquished Creatures
  A kobold demonologist (D:6)
  An ancient zyme (Abyss:2)
  A hippogriff (D:8)
  Sigmund (D:5)
  A spriggan (D:7)
  A shadow (Abyss:2)
  Eustachio (D:6)
  A neqoxec (Abyss:2)
  Menkaure (D:6)
  A hornet zombie (D:8)
  4 ice beasts
  A sky beast (D:7)
  3 orc warriors
  A phantom (D:6)
  2 ogres
  3 centaurs
  A crocodile (D:8)
  2 bullfrogs
  A scorpion (D:4)
  A howler monkey (D:4)
  3 crimson imps
  A hound (D:6)
  4 orc priests
  Crazy Yiuf (D:3)
  2 centaur skeletons
  3 iguanas
  4 orc wizards
  6 worker ants
  3 mummies (Ossuary)
  Robin (D:4)
  7 gnolls (D:3)
  3 adders
  A shadow imp (D:5)
  An adder skeleton (D:4)
  4 adder zombies (Ossuary)
  3 dart slugs
  2 worms (D:2)
  3 leopard geckos
  24 orcs
  6 giant cockroaches
  18 goblins
  6 hobgoblins
  4 jackals (D:2)
  4 kobolds
  4 quokkas
  A ball python (D:2)
  6 bats
  4 frilled lizards
  A gnoll zombie (Ossuary)
  A goblin zombie (Ossuary)
  2 hobgoblin zombies (Ossuary)
  3 kobold zombies
  A leopard gecko zombie (D:5)
  5 quokka zombies (Ossuary)
  29 rats
  3 rat zombies (Ossuary)
  A fungus (D:3)
204 creatures vanquished.

Vanquished Creatures (others)
  A small abomination (Abyss:2)
  21 fungi (D:8)
  7 plants (D:8)
29 creatures vanquished.

Grand Total: 233 creatures vanquished

Notes
Turn   | Place    | Note
-------+----------+-------------------------------------------
     0 | D:1      | Hugehornet the Gargoyle Fighter began the quest for the
                  | Orb.
     0 | D:1      | Reached XP level 1. HP: 14/14 MP: 1/1
    24 | D:1      | Reached skill level 2 in Axes
   210 | D:1      | Reached XP level 2. HP: 19/19 MP: 2/2
   605 | D:1      | Reached skill level 3 in Axes
   607 | D:1      | Reached XP level 3. HP: 16/23 MP: 3/3
  1606 | D:2      | Reached XP level 4. HP: 28/28 MP: 4/4
  1881 | D:3      | Found a stormy altar of Qazlal.
  2102 | D:3      | Reached skill level 4 in Axes
  2259 | D:3      | Reached XP level 5. HP: 24/32 MP: 5/5
  2380 | D:3      | Reached skill level 5 in Axes
  2789 | D:3      | Found a runed translucent door.
  2790 | D:3      | Noticed Crazy Yiuf
  2799 | D:3      | Killed Crazy Yiuf
  2799 | D:3      | Reached XP level 6. HP: 37/37 MP: 6/6
  2948 | D:4      | Reached skill level 6 in Axes
  3115 | D:4      | Noticed Robin
  3136 | D:4      | Killed Robin
  3627 | D:4      | Reached XP level 7. HP: 37/41 MP: 7/7
  3671 | D:5      | Entered Level 5 of the Dungeon
  3899 | D:5      | Reached skill level 7 in Axes
  4170 | D:5      | Noticed Sigmund
  4192 | D:5      | Killed Sigmund
  4281 | D:5      | Found a staircase to the Ecumenical Temple.
  4290 | Temple   | Entered the Ecumenical Temple
  4302 | Temple   | Became a worshipper of Gozag Ym Sagoz the Greedy
  4540 | D:6      | Reached skill level 8 in Axes
  4545 | D:6      | Reached XP level 8. HP: 41/46 MP: 8/8
  4795 | D:6      | Reached skill level 9 in Axes
  4944 | D:6      | Noticed Eustachio
  5002 | D:6      | Killed Eustachio
  5115 | D:6      | Found Doppen's Gadget Shop.
  5129 | D:6      | Noticed Menkaure
  5133 | D:6      | Killed Menkaure
  5133 | D:6      | Reached skill level 10 in Axes
  5187 | D:6      | Found a sparkling altar of Nemelex Xobeh.
  5322 | D:6      | Found a hide-covered altar of Uskayaw.
  5383 | D:6      | Reached XP level 9. HP: 51/51 MP: 9/9
  5388 | D:6      | Noticed a kobold demonologist
  5409 | D:6      | Killed a kobold demonologist
  5521 | D:6      | Reached skill level 11 in Axes
  6039 | D:7      | Found a snail-covered altar of Cheibriados.
  6057 | D:7      | Found a sand-covered staircase.
  6072 | Ossuary  | Entered an ossuary
  6525 | D:7      | Found a shattered altar of Ashenzari.
  6908 | D:7      | Found a basalt altar of Yredelemnul.
  7035 | D:7      | Found a shimmering altar of Xom.
  7239 | D:8      | Reached skill level 12 in Axes
  7287 | D:8      | Noticed a two-headed ogre
  7304 | D:7      | Reached XP level 10. HP: 34/56 MP: 10/10
  7522 | D:8      | Noticed Psyche
  7577 | D:8      | Cast into level 2 of the Abyss (Psyche)
  7719 | Abyss:2  | Gained mutation: Armour fits poorly on your strangely
                  | shaped body. [a neqoxec]
  7728 | Abyss:2  | Gained mutation: Your movements are slightly less
                  | encumbered by armour. (ER -2) [a neqoxec]
  7730 | Abyss:2  | Gained mutation: Scrolls take you a little longer to read.
                  | [a neqoxec]
  7776 | Abyss:2  | Reached skill level 13 in Axes
  7791 | Abyss:2  | Mangled by a chaos spawn

Levels and vault maps discovered:
D:1:      tarquinn_simple_flora_water_a, layout_basic
D:2:      layout_loops_corners
D:3:      layout_rooms, lemuel_crystal_altar, first_ration, minmay_rat_hole,
          uniq_crazy_yiuf_cottage
D:4:      layout_gridville, minmay_misc_feat_iff, uniq_robin
D:5:      layout_basic, minmay_temple_entry_grid, uniq_sigmund
D:6:      minmay_chambers_of_sixes, layout_basic,
          nemelex_xobeh_ov_fountains_minmay, lemuel_round_altar, serial_shops,
          shop, minmay_increasing_density, uniq_menkaure, uniq_eustachio
D:7:      layout_loops_ring, kennysheep_little_box, yredelemnul_altar_generic,
          cheibriados_altar_1, enter_ossuary_3, the_bakery, grunt_ministairs_10,
          ashenzari_altar_1
D:8:      layout_basic, nicolae_overflow_crystal_walls,
          due_lair_maze_entry_diamond, uniq_psyche
Temple:   nicolae_temple_great_sept
Abyss:2:  base: D:7, minivault_24

Skill      XL: |  1  2  3  4  5  6  7  8  9 10 |
---------------+-------------------------------+-----
Axes           | 2 3 4 5 6 8 10 12 13 | 13.0
Fighting       | |  3.2
Armour         | |  3.2
Shields        | |  3.2

Action                   |  1- 3 |  4- 6 |  7- 9 | 10-12 || total
-------------------------+-------+-------+-------+-------++-------
Melee: War axe           |   129 |   186 |   430 |       ||   745
       Broad axe         |       |       |       |   112 ||   112
  Use: Scroll            |       |     4 |    12 |       ||    16
       Potion            |       |     2 |       |     2 ||     4
 Stab: Distracted        |       |       |       |     1 ||     1
  Eat: Chunk             |     7 |    10 |       |       ||    17
       Ration            |       |       |     2 |       ||     2
Armor: Scale mail        |    66 |    77 |    68 |       ||   211
       Plate armour      |       |       |    78 |    75 ||   153
Dodge: Dodged            |    45 |    94 |   175 |    34 ||   348
Block: Shield            |    66 |   110 |   141 |    39 ||   356
